 Dungeon Crawl Stone Soup version 0.17.0-56-gd8de76c (webtiles) character file.

1201 ketsa the Slicer (level 8, 0/46 HPs)
             Began as a Kobold Assassin on Dec 6, 2015.
             Was a Believer of Dithmenos.
             Slain by a worker ant (2 damage)
             ... on level 6 of the Dungeon.
             The game lasted 00:30:21 (8302 turns).

ketsa the Slicer (Kobold Assassin)                  Turns: 8302, Time: 00:30:21

Health: 0/46       AC:  7    Str: 10    XL:     8   Next: 72%
Magic:  8/8        EV: 15    Int:  9    God:    Dithmenos [**....]
Gold:   339        SH:  0    Dex: 19    Spells: 0 memorised, 7 levels left

rFire  + . .     SeeInvis .     b - +0 short sword
rCold  . . .     Clarity  .     w - +0 ring mail
rNeg   . . .     SustAt   .     (shield restricted)
rPois  +         Gourm    .     (no helmet)
rElec  .         Spirit   .     d - +1 cloak
rCorr  .         Warding  .     (no gloves)
rMut   .         Stasis   .     (no boots)
MR     .....                    (no amulet)
Stlth  +.........               z - ring of protection from fire
                                E - ring of poison resistance

@: confused, wreathed by umbra, not resistant to hostile enchantments, very
unstealthy
A: carnivore 3
a: Shadow Step, Renounce Religion


You were on level 6 of the Dungeon.
You worshipped Dithmenos.
Dithmenos was pleased with you.
You were very full.

You visited 1 branch of the dungeon, and saw 6 of its levels.

You collected 339 gold pieces.

Inventory:

Hand Weapons
 a - a +2 dagger
 b - a +0 short sword (weapon)
 h - a +0 dagger
 i - a +0 dagger
 k - a +0 dagger
 l - a +0 blowgun
 q - a +0 falchion
 t - a +0 hunting sling
 B - a +0 short sword
 C - a +0 falchion
Missiles
 e - 26 poisoned needles
 f - 2 curare-tipped needles
 m - 250 stones (quivered)
 J - 2 poisoned tomahawks
Armour
 c - a +0 robe
 d - a +1 cloak (worn)
 v - a +0 leather armour
 w - a +0 ring mail (worn)
 A - a +1 robe of positive energy
Jewellery
 y - a +3 ring of intelligence
 z - a ring of protection from fire (right hand)
 E - a ring of poison resistance (left hand)
Wands
 o - a wand of frost (8)
Scrolls
 n - a scroll of enchant armour
 r - a scroll of fear {unknown}
 s - 2 scrolls of magic mapping {unknown}
 x - a scroll of blinking {unknown}
 G - 2 scrolls of remove curse
Potions
 j - 2 potions of magic
Comestibles
 g - 4 meat rations
 p - 6 chunks of flesh
 u - 3 bread rations
 D - a royal jelly


   Skills:
 + Level 3.5 Fighting
 + Level 9.1 Short Blades
 - Level 1.9(2.5) Slings
 - Level 2.1(2.5) Throwing
 + Level 2.0 Armour
 + Level 4.4 Dodging
 + Level 8.3 Stealth


You had 7 spell levels left.
You didn't know any spells.

Dungeon Overview and Level Annotations

Branches:
Dungeon (6/15)             Temple (0/1) D:5

Altars:
Dithmenos
Gozag
Nemelex Xobeh
Yredelemnul
The Shining One

Annotations:
D:6 dvd's ghost, novice FoFi


Innate Abilities, Weirdness & Mutations

You are small and have problems with some larger weapons.
You are carnivorous and can eat meat at any time.


Message History

Put on which piece of jewellery? (? for menu, Esc to quit)
Okay, then.
You hit the orc wizard.
The orc wizard is lightly wounded.
The worker ant misses you.
The orc wizard zaps a wand.
You resist with some effort.
You're too confused to move!
The orc wizard zaps a wand.
You resist with some effort. The worker ant completely misses you.
You closely miss the worker ant.
The worker ant is moderately wounded.
The orc wizard zaps a wand.
You are more confused.
The worker ant bites you but does no damage.
You're too confused to move!
The orc wizard barely misses you. The worker ant completely misses you.
The orc wizard zaps a wand.
You are more confused.
You bump into the rock wall.
The worker ant barely misses you.
The orc wizard hits you but does no damage.
The worker ant bites you.
You die...

# . # # .[ #.. #
#..#.####### .
#....#....# .. .
#..#....# ... ...
####.......# ....
###..###o...##[[..##.#...
......Oa@....#...........
###...####.....[..##.....
#..........#...)>......
#...###..O.....[<...### #
##......)...##.##
##..##....[..# .#
#####...###..##.###.## #
#........##..##.....$# #
#.#.......#..#........##


You could see an ogre, a worker ant and an orc wizard.

Vanquished Creatures
  Eustachio (D:5)
  A water moccasin (D:6)
  An ice beast (D:6)
  A giant frog (D:4)
  2 wights (D:5)
  3 orc priests
  A quasit (D:6)
  A jelly (D:6)
  A gnoll shaman (D:3)
  5 orc wizards
  A centaur skeleton (D:5)
  3 worker ants (D:4)
  A hound zombie (D:5)
  6 adders
  5 gnolls (D:4)
  A white imp (D:5)
  An ooze (D:5)
  An adder skeleton (D:6)
  A worm (D:4)
  4 giant geckos
  30 orcs
  5 giant cockroaches
  7 goblins
  10 hobgoblins
  2 quokkas
  6 ball pythons
  9 bats
  6 giant newts
  2 gnoll zombies (D:4)
  2 goblin skeletons (D:5)
  3 hobgoblin zombies (D:5)
  2 jackals (D:5)
  10 kobolds
  A kobold skeleton (D:5)
  A kobold zombie (D:5)
  An orc skeleton (D:5)
  15 rats
153 creatures vanquished.

Notes
Turn   | Place    | Note
--------------------------------------------------------------
     0 | D:1      | ketsa the Kobold Assassin began the quest for the Orb.
     0 | D:1      | Reached XP level 1. HP: 12/12 MP: 1/1
    71 | D:1      | Reached XP level 2. HP: 15/17 MP: 2/2
   617 | D:1      | Reached XP level 3. HP: 21/21 MP: 3/3
  1151 | D:2      | Reached XP level 4. HP: 26/26 MP: 4/4
  1167 | D:2      | Reached skill level 6 in Stealth
  1286 | D:2      | Reached skill level 5 in Short Blades
  1881 | D:2      | Found a shadowy altar of Dithmenos.
  1881 | D:2      | Found a sparkling altar of Nemelex Xobeh.
  1886 | D:2      | Found an opulent altar of Gozag.
  1918 | D:2      | Became a worshipper of Dithmenos the Shadowed
  2012 | D:2      | Reached XP level 5. HP: 27/30 MP: 5/5
  3031 | D:3      | Reached XP level 6. HP: 35/35 MP: 6/6
  3156 | D:5      | Entered Level 5 of the Dungeon
  3174 | D:5      | Found an opulent altar of Gozag.
  3399 | D:4      | Noticed a phantom
  3404 | D:4      | Reached skill level 7 in Stealth
  3827 | D:4      | Found a basalt altar of Yredelemnul.
  3885 | D:4      | Noticed a giant frog
  3913 | D:4      | Killed a giant frog
  4551 | D:3      | Reached XP level 7. HP: 16/40 MP: 7/7
  4758 | D:4      | Reached * piety under Dithmenos
  4889 | D:4      | Reached skill level 1 in Slings
  5680 | D:5      | Found a glowing golden altar of the Shining One.
  5681 | D:5      | Noticed Eustachio
  6231 | D:6      | Reached skill level 8 in Short Blades
  6287 | D:5      | Reached ** piety under Dithmenos
  6373 | D:6      | Noticed an ice beast
  6389 | D:5      | Reached XP level 8. HP: 24/45 MP: 8/8
  6574 | D:5      | Killed Eustachio
  6574 | D:5      | Reached skill level 1 in Armour
  6845 | D:5      | Found a staircase to the Ecumenical Temple.
  7238 | D:6      | Killed an ice beast
  7272 | D:6      | Noticed dvd's ghost (novice FoFi)
  7588 | D:6      | Reached skill level 9 in Short Blades
  8297 | D:6      | HP: 2/46 [orc wizard/dagger (2)]
  8302 | D:6      | Slain by a worker ant

Action                   |  1- 3 |  4- 6 |  7- 9 || total
-------------------------+-------+-------+-------++-------
Melee: Dagger            |   117 |   262 |    67 ||   446
       Short sword       |       |     4 |   449 ||   453
 Fire: Hunting sling     |       |     7 |     4 ||    11
Throw: Stone             |       |     1 |       ||     1
Evoke: Wand              |       |       |     4 ||     4
  Use: Potion            |       |     5 |     6 ||    11
       Scroll            |       |     1 |     4 ||     5
 Stab: Sleeping          |     8 |    23 |     3 ||    34
       Distracted        |       |       |     1 ||     1
  Eat: Chunk             |     9 |    11 |    12 ||    32
